Workbook
Name Классификация: #REF!
Name Роль: #REF!

Sheet Метрики
A1: CSF - Critical Succes Factors
A2: Улучшение качества прогнозов
A3: Показатели (метрики KPI)
A4: Уровень отклонений прогноз/факт по ХХ параметру снизился на 20%
A5: Повышение частоты прогнозов с квартальной до недельной
A9: Департамент госоргана (закупок)
A11: Бизнес-юнит
A12: объем транзакций в период времени
A13: время обработки платежа
A14: доля платежей, обработанных цифровым способом (в ноыой системе)
A15: Снижение риска незаконных транзакций
A16: Повышение скорости доступа к аналитической информации/проверке транзакций
... A22: - количество/доля от числа транзакций, содержащих ошибки вследствие неавтоматизированной интеграции

Sheet Критерии
A1: Критерии отбора | B1: Пороговое значение | C1: Вес
A3: Качество
A4: Доля автоматизированных форм (кол-во, процент)
A5: Доля авт. Ворм от общего числа используемых в заявках
A6: Доля автоматизированных согласований/проверок
A7: Наличие workflow согласований уточнений (доля автоматических согласований)
A8: Доля поданных заявок, не соотв. Целям и нормативам (по картам описанных бизнес процессов)
A10: Гибкость
A11: Доступность изменений
A12: Средние затраты (время, стоимость) на интеграцию нового хранилища данных
A13: Возможность развития
A14: длительность/стоимость доработок в разрезе по сложности/важности
A15: - доля/количество отказов доработке
... A21: Наличие квал. Кадров
A22: БА в области бухучета | B22: не менее 3х с сертификатами АССА и опытом не менее 3 лет и 2х проектов
A24: Опыт вендора
A25: Наличие отзывов по аналогичным проектам | B25: не менее 2х
A26: Допуск на референс-визит | B26: не менее 2х
A27: Наличие открытой интеграционной платформы по
A28: - данным
A29: - приложениями | B29: поддержка SOAP 1.2
A34: ИТОГО | C34: 1

Sheet Скоринг
A1: Тип | C1: Критерии | D1: Рейтинг | E1: Весовые коэф. | F1: Проект 1 | G1: Проект 2
A2: 1 | B2: 2 | C2: 3 | D2: 4 | E2: 5 | F2: 6 | G2: 7
A3: Экономика | B3: 1 | C3: Процент на вложенный капитал | D3: 3 | E3: 0.2 | F3: =[1]Результат!D3 -> 4.875 | G3: =[1]Результат!E3 -> 10
A4: 0.51 | B4: 2 | C4: Возвратность | D4: 4 | E4: 0.1 | F4: =[1]Результат!D4 -> 4 | G4: =[1]Результат!E4 -> 7
B5: 3 | C5: Бюджет | D5: 5 | E5: 0.1 | F5: =[1]Результат!D5 -> 4.375 | G5: =[1]Результат!E5 -> 8
B6: 4 | C6: Инвестор | D6: 6 | E6: 0.05 | F6: =[1]Результат!D6 -> 4.375 | G6: =[1]Результат!E6 -> 8
B7: 5 | C7: Спрос на продукт проекта | D7: 1 | E7: 0.3 | F7: =[1]Результат!D7 -> 7.75 | G7: =[1]Результат!E7 -> 10
B8: 6 | C8: Уровень рисков реализации проектов | D8: 2 | E8: 0.25 | F8: =[1]Результат!D8 -> 4 | G8: =[1]Результат!E8 -> 5
A9: Весовой коэф.типу критерия | F9: =F3*$E$3+F4*$E$4+F5*$E$5+F6*$E$6+F7*$E$7+F8*$E$8 -> 5.35625 | G9: =G3*$E$3+G4*$E$4+G5*$E$5+G6*$E$6+G7*$E$7+G8*$E$8 -> 8.15
A10: Время | B10: 7 | C10: Длительность реализации | D10: 2 | E10: 0.3 | F10: 7 | G10: 3
A11: 0.2 | B11: 8 | C11: График потребности денежных средств | D11: 1 | E11: 0.7 | F11: 8 | G11: 4
A12: Весовой коэф.типу критерия | F12: =F10*$E$10+F11*$E$11 -> 7.7 | G12: =G10*$E$10+G11*$E$11 -> 3.7
A13: Имидж | B13: 9 | C13: Социальная значимость | D13: 2 | E13: 0.3 | F13: 5 | G13: 8
A14: 0.1 | B14: 10 | C14: Уникальность | D14: 3 | E14: 0.2 | F14: 4 | G14: 6
B15: 11 | C15: Актуальность | D15: 1 | E15: 0.5 | F15: 3 | G15: 7
A16: Весовой коэф.типу критерия | F16: =F13*$E$13+F14*$E$14+F15*$E$15 -> 3.8 | G16: =G13*$E$13+G14*$E$14+G15*$E$15 -> 7.1
A17: Качество | B17: 12 | C17: Обеспечение требуемого уровня качества (потребителем) | D17: 5 | E17: 0.05 | F17: 3 | G17: 7
A18: 0.1 | B18: 13 | C18: Архитектурные решения | D18: 4 | E18: 0.15 | F18: 2 | G18: 8
B19: 14 | C19: Технические решения | D19: 3 | E19: 0.15 | F19: 4 | G19: 6
B20: 15 | C20: Социальная инсталляция | D20: 2 | E20: 0.3 | F20: 5 | G20: 7
B21: 16 | C21: Сложность реализации проекта | D21: 1 | E21: 0.35 | F21: 4 | G21: 9
A22: Весовой коэф.типу критерия | F22: =F17*$E$17+F18*$E$18+F19*$E$19+F20*$E$20+F21*$E$21 -> 3.95 | G22: =G17*$E$17+G18*$E$18+G19*$E$19+G20*$E$20+G21*$E$21 -> 7.7
A23: Будущее | B23: 17 | C23: Тиражирование | D23: 2 | E23: 0.3 | F23: 3 | G23: 10
A24: 0.09 | B24: 18 | C24: Возможность создавать будущую потребность/бизнес | D24: 1 | E24: 0.5 | F24: 3 | G24: 9
B25: 19 | C25: Возможность качественного развития | D25: 3 | E25: 0.2 | F25: 4 | G25: 7
A26: Весовой коэф.типу критерия | F26: =F24*$E$24+F25*$E$25 -> 2.3 | G26: =G24*$E$24+G25*$E$25 -> 5.9
F27: =F9*$A$4+F12*$A$11+F16*$A$14+F22*$A$18+F26*$A$24 -> 5.2536875 | G27: =G9*$A$4+G12*$A$11+G16*$A$14+G22*$A$18+G26*$A$24 -> 6.9075

Sheet ТехАспектыИнтеграции
A2: Изолированные зависимости | B2: Работа в выделенной области памяти, очистка памяти при выходе
A3: API (Application Programming Interfaces) | B3: Например, SOAP
A4: Архитектура информации | B4: Типовые форматы обмена данными, правила преобразования между форматами
A5: Каждое приложение (модуль) работает через свой порт
A6: Работа в изолированном пространстве памяти (контейнере)
